 Dungeon Crawl Stone Soup version 0.24-a0-537-g2d01d4ab0a (webtiles) character file.

Game seed: 12397282839147282199

35 Mithandil the Skirmisher (level 3, 31/31 HPs)
             Began as a Demonspawn Abyssal Knight on Aug 14, 2019.
             Was a Believer of Lugonu.
             Quit the game on level 1 of the Dungeon.
             The game lasted 00:08:24 (972 turns).

Mithandil the Skirmisher (Demonspawn Abyssal Knight) Turns: 972, Time: 00:08:25

Health: 31/31      AC: 12    Str: 13    XL:     3   Next: 16%
Magic:  5/5        EV:  6    Int: 15    God:    Lugonu [**....]
Gold:   24         SH:  0    Dex: 12    Spells: 2/2 levels left

rFire    . . .     SeeInvis .   a - +2 falchion
rCold    . . .     Gourm    .   (no shield)
rNeg     . . .     Faith    .   j - +0 shadow dragon scales
rPois    .         Spirit   .   (helmet restricted)
rElec    .         Reflect  .   (no cloak)
rCorr    .         Harm     .   l - +0 pair of gloves
MR       .....                  (no boots)
Stlth    ++........             (no amulet)
HPRegen  0.10/turn              (no ring)
MPRegen  0.09/turn              (no ring)

@: hasted, very quick
A: antennae 1, hooves 1, clever 1, deterioration 1, powered by death 1, robust 1
a: Depart the Abyss, Bend Space, Renounce Religion


You were on level 1 of the Dungeon.
You worshipped Lugonu.
Lugonu was pleased with you.
You were not hungry.

You visited 1 branch of the dungeon, and saw 2 of its levels.
You visited the Abyss 1 time.

You collected 24 gold pieces.

Inventory:

Hand Weapons
 a - a +2 falchion (weapon)
 h - a +0 club
 i - a +0 hand axe
Missiles
 f - 79 stones (quivered)
 k - 26 sling bullets
Armour
 b - a +0 leather armour
 e - a +0 helmet
 j - +0 shadow dragon scales (worn)
 l - a +0 pair of gloves (worn)
Scrolls
 d - a scroll of identify
Comestibles
 c - a ration
 g - 10 chunks of flesh


   Skills:
 + Level 3.1 Fighting
 * Level 2.3 Long Blades
 + Level 2.0 Armour
 + Level 1.3 Dodging
 + Level 0.0 Stealth
 + Level 0.7 Unarmed Combat
 + Level 2.9 Invocations


You had 2 spell levels left.
You didn't know any spells.
Your spell library was empty.

Dungeon Overview and Level Annotations

Branches:
Dungeon (2/15)

Altars:
Hepliaklqana


Innate Abilities, Weirdness & Mutations

You have a pair of small antennae on your head.
You regenerate a little health from kills.
You have large cloven feet.
Your mind is acute. (Int +2)
Your body sometimes deteriorates upon taking damage.
You are robust. (+10% HP)


Message History

Things that are here:
a cursed -3 club; a hobgoblin corpse You butcher the hobgoblin corpse.
g - 8 chunks of flesh (gained 1)
Things that are here:
a cursed -3 club; a hobgoblin skeleton
k - 26 sling bullets You see here a goblin corpse.
You butcher the goblin corpse.
g - 10 chunks of flesh (gained 2)
You see here a goblin skeleton.
l - a glowing dark potion It was a potion of haste.
You feel yourself speed up.
Found a pair of gloves.
You see here a pair of gloves.
l - a pair of gloves You start putting on your armour.
You continue putting on your pair of gloves. x4
You finish putting on your +0 pair of gloves.
Are you sure you want to abandon this character and quit the game? (Confirm with "yes".)

#+
#........####
##.#........#
#.#..##.##.#
#.......##.#
##..........#
......#..####
#.$.##..#
#.......#
######@## #.#
#.# ..# .##
#. #. #.


There were no monsters in sight!

Vanquished Creatures
  2 dart slugs
  2 leopard geckos
  2 giant cockroaches (D:1)
  6 hobgoblins (D:1)
  A kobold (D:1)
  5 frilled lizards (D:1)
  5 goblins (D:1)
  4 rats (D:1)
27 creatures vanquished.

Notes
Turn   | Place    | Note
-------+----------+-------------------------------------------
     0 | Abyss:1  | Mithandil the Demonspawn Abyssal Knight began the quest for
                  | the Orb.
     0 | Abyss:1  | Reached XP level 1. HP: 18/18 MP: 2/2
    14 | D:1      | Escaped the Abyss
   162 | D:1      | Reached skill level 1 in Dodging
   265 | D:1      | Gained mutation: You regenerate a little health from kills.
                  | [demonic ancestry]
   265 | D:1      | Reached XP level 2. HP: 24/24 MP: 3/3
   288 | D:2      | Found a hazy altar of Hepliaklqana.
   620 | D:1      | Reached ** piety under Lugonu
   858 | D:1      | Gained mutation: Your body sometimes deteriorates upon
                  | taking damage. [potion of mutation]
   858 | D:1      | Gained mutation: Your mind is acute. (Int +2) [potion of
                  | mutation]
   858 | D:1      | Gained mutation: You are robust. (+10% HP) [potion of
                  | mutation]
   858 | D:1      | Gained mutation: You have large cloven feet. [potion of
                  | mutation]
   928 | D:1      | Gained mutation: You have a pair of small antennae on your
                  | head. [demonic ancestry]
   928 | D:1      | Reached XP level 3. HP: 31/31 MP: 5/5
   972 | D:1      | Quit the game

Levels and vault maps discovered:
D:1:      nzn_arrival_settlement, layout_loops_corners, minmay_tromino_i4
D:2:      layout_basic, lemuel_doored_altar

Skill      XL: |  1  2 |
---------------+-------+-----
Long Blades    | 2 |  2.3
Dodging        | 1 |  1.3
Armour         | 2 |  2.0
Fighting       | |  3.1
Unarmed Combat | |  0.7
Invocations    | |  2.9

Action                   || total
-------------------------++-------
Melee: Falchion          ||    85
       Kick              ||     1
  Use: Scroll            ||     5
       Potion            ||     6
 Stab: Sleeping          ||     1
Armor: Plate armour      ||    39
       Shadow dragon sca ||    11
Dodge: Dodged            ||    15
       Rpst.: Falchion   ||     5

Table legend:
 A = Non-vault XP
 B = Vault XP
 C = Vault XP percentage of total XP
 D = Non-vault monster count
 E = Vault monster count
 F = Vault count percentage of total count
                 A         B        C        D         E       F
            +---------+---------+-------+---------+---------+-------
      Total |      44 |       6 |  12.0 |      24 |       3 |  11.1
            +---------+---------+-------+---------+---------+-------
        D:1 |      37 |       6 |  14.0 |      22 |       3 |  12.0
        D:2 |       7 |       0 |   0.0 |       2 |       0 |   0.0
            +---------+---------+-------+---------+---------+-------
